 Dungeon Crawl Stone Soup version 0.30-a0-782-ge64f9170bb (webtiles) character file.

Game seed: 4525626453577944113

991 funkygono the Magician (level 7, -14/50 HPs)
             Began as a Demonspawn Fire Elementalist on Mar 9, 2023.
             Demolished by an ogre
             ... wielding a +0 giant club
              (24 damage)
             ... on level 5 of the Dungeon.
             The game lasted 00:05:31 (3834 turns).

funkygono the Magician (DsFE)                       Turns: 3834, Time: 00:05:31

Health: -14/50     AC:  4    Str: 14    XL:     7   Next: 98%
Magic:  6/15       EV: 12    Int: 19    God:
Gold:   270        SH:  0    Dex: 13    Spells: 11/17 levels left

rFire   . . .      SeeInvis .    e - +0 whip
rCold   . . .      Faith    .    (no shield)
rNeg    . . .      Spirit   .    a - +0 robe
rPois   .          Reflect  .    (no helmet)
rElec   .          Harm     .    (no cloak)
rCorr   .          Rampage  .    (no gloves)
Will    .....                    (no boots)
Stlth   ++                       (no amulet)
HPRegen 0.28/turn                v - +6 ring of strength
MPRegen 0.14/turn                c - ring of wizardry

@: no status effects
A: rugged brown scales 2, foul stench 1, spiny 1
a: no special abilities


You were on level 5 of the Dungeon.
You visited 1 branch of the dungeon, and saw 5 of its levels.

You collected 270 gold pieces.

Inventory:

Hand Weapons
 e - a +0 whip (weapon)
 w - a +3 falchion
Armour
 a - a +0 robe (worn)
 l - the +2 ring mail "Pasingo" {rC+ rN+ Dex+3}
   (You found it on level 2 of the Dungeon)

   Dex:       It affects your dexterity (+3).
   rC:        It protects you from cold.
   rN:        It protects you from negative energy.
Jewellery
 c - a ring of wizardry (right hand)
 j - a ring of flight
 u - a ring of ice
 v - a +6 ring of strength (left hand)
Wands
 t - a wand of polymorph (6)
 y - a wand of light (11)
Scrolls
 m - 2 scrolls of identify {unknown}
 n - a scroll of poison {unknown}
 o - a scroll of fog {unknown}
 p - a scroll of immolation {unknown}
 q - a scroll of enchant weapon {unknown}
 s - a scroll of magic mapping {unknown}
Potions
 b - 2 potions of magic
 d - a potion of heal wounds {unknown}
 f - a potion of mutation {unknown}
 g - 3 potions of might {unknown}
 h - 3 potions of flight {unknown}
 i - a potion of berserk rage {unknown}
 k - a potion of cancellation {unknown}
 r - a potion of curing
 x - a potion of brilliance {unknown}


   Skills:
 + Level 1.3 Fighting
 + Level 1.1 Maces & Flails
 + Level 2.5 Dodging
 - Level 1.7 Stealth
 + Level 5.8 Spellcasting
 + Level 3.6 Conjurations
 + Level 0.1 Translocations
 + Level 5.2 Fire Magic
 + Level 0.1 Air Magic


You had 11 spell levels left.
You knew the following spells:

 Your Spells              Type           Power      Damage    Failure   Level
a - Foxfire               Conj/Fire      88%        2x1d8     1%          1
b - Scorch                Fire           50%        2d8       1%          2
c - Kindle Blastsparks    Fire/Tloc/Air  24%        2d12      6%          3

Your spell library contained the following spells:

 Spells                   Type           Power      Damage    Failure   Level
 Shock                    Conj/Air       48%        1d6       2%          1
 Inner Flame              Hex/Fire       15%        N/A       4%          3
 Sublimation of Blood     Necr           5%         N/A       7%          2
 Wereblood                Tmut           5%         N/A       7%          2
 Flame Wave               Conj/Fire      22%        2d8       8%          4
 Swiftness                Air            6%         N/A       13%         3
 Tukima's Dance           Hex            5%         N/A       14%         3
 Airstrike                Air            3%         2d(1-17)  38%         4
 Passage of Golubria      Tloc           5%         N/A       38%         4
 Summon Lightning Spire   Summ/Air       5%         N/A       38%         4
 Lightning Bolt           Conj/Air       6%         1d18      47%         5
 Yara's Violent Unravell  Hex/Tmut       2%         3d3       75%         5
 Summon Hydra             Summ           2%         N/A       100%        7


Dungeon Overview and Level Annotations

Branches:
Dungeon (5/15)
 Temple: D:4-7

Altars:
Ru
Xom
Yredelemnul


Innate Abilities, Weirdness & Mutations

You are mostly covered in rugged brown scales. (AC +2, +5% HP)
You may rarely emit foul miasma when damaged in melee.
You are partially covered in sharp spines.


Message History

The iguana bites you!
Casting: Foxfire (safe; 1% risk of failure)
Confirm with . or Enter, or press ? or * to list all spells.
You conjure some foxfire!
The foxfire hits the necrophage!
The necrophage is severely damaged.
The foxfire hits the necrophage.
The necrophage is almost destroyed.
The necrophage is struck by your spines.
You destroy the necrophage!
The iguana bites you.
Casting: Foxfire (safe; 1% risk of failure)
Confirm with . or Enter, or press ? or * to list all spells.
You don't know that spell.
The foxfire hits the iguana.
The iguana is moderately wounded.
The foxfire hits the iguana.
The iguana is heavily wounded.
Unknown command.
You can't go up here!
The iguana bites you!
There is a stone staircase leading up, spattered with blood here.
Casting: Foxfire (safe; 1% risk of failure)
Confirm with . or Enter, or press ? or * to list all spells.
Flames lash the iguana.
The iguana is severely wounded.
The iguana's fire resistance burns away.
The iguana barely misses you. The ogre hits you with a +0 giant club!
* * * LOW HITPOINT WARNING * * *
Casting: Scorch (safe; 1% risk of failure)
Confirm with . or Enter, or press ? or * to list all spells.
Flames lash the ogre.
The ogre is moderately wounded.
The ogre's fire resistance burns away.
The iguana is struck by your spines. The iguana closely misses you.
Casting: Scorch (safe; 1% risk of failure)
Confirm with . or Enter, or press ? or * to list all spells.
Flames lash the ogre.
The ogre is burned terribly!
The ogre is almost dead.
The ogre hits you with a +0 giant club!!
You die...

#........##
##.........#
#..........
#.........##
#..........#
#..........##
#......O†...#
#......l@...#
.#.......#.#
#.........#
.............#
.....#....##...
..##.#..##.
..## . . #..#
## .# . .##. .
#. . .


You could see an ogre (combustible) and an iguana (combustible).

Vanquished Creatures
  Sigmund (D:2)
  Edmund (D:4)
  Pargi (D:4)
  Duvessa (D:4)
  A black bear (D:4)
  An ogre (D:4)
  2 necrophages
  Dowan (D:4)
  A hound (D:3)
  Ijyb (D:4)
  3 adders
  2 ufetubi (D:4)
  3 dart slugs
  An orc (D:4)
  4 ball pythons
  7 endoplasms
  5 giant cockroaches
  4 goblins
  8 hobgoblins
  5 quokkas
  7 bats
  A giant cockroach zombie (D:3)
  A jackal zombie (D:3)
  5 kobolds
  6 rats
  A spectral hobgoblin (D:3)
74 creatures vanquished.

Vanquished Creatures (collateral kills)
  4 foxfires (D:1)
4 creatures vanquished.

Vanquished Creatures (others)
  243 foxfires
  6 plants (D:1)
249 creatures vanquished.

Grand Total: 327 creatures vanquished

Notes
Turn   | Place    | Note
-------+----------+-------------------------------------------
     0 | D:1      | funkygono the Demonspawn Fire Elementalist began the quest
                  | for the Orb.
     0 | D:1      | Reached XP level 1. HP: 13/13 MP: 3/3
   118 | D:1      | Gained mutation: You are partially covered in rugged brown
                  | scales. (AC +1, +3% HP) [demonic ancestry]
   118 | D:1      | Reached XP level 2. HP: 3/19 MP: 0/5
   681 | D:1      | Reached XP level 3. HP: 24/24 MP: 4/6
  1002 | D:1      | Learned a level 2 spell: Scorch
  1006 | D:1      | Learned a level 3 spell: Kindle Blastsparks
  1013 | D:2      | Noticed Sigmund
  1340 | D:2      | Identified the +2 ring mail "Pasingo" {rC+ rN+ Dex+3}
  1439 | D:2      | Killed Sigmund
  1440 | D:2      | Gained mutation: You are partially covered in sharp spines.
                  | [demonic ancestry]
  1440 | D:2      | Reached XP level 4. HP: 31/31 MP: 0/9
  1440 | D:2      | Gained mutation: You may rarely emit foul miasma when
                  | damaged in melee. [demonic ancestry]
  1440 | D:2      | Reached XP level 5. HP: 37/37 MP: 0/10
  1896 | D:3      | Found a shimmering altar of Xom.
  1987 | D:3      | Gained mutation: You are mostly covered in rugged brown
                  | scales. (AC +2, +5% HP) [demonic ancestry]
  1987 | D:3      | Reached XP level 6. HP: 37/44 MP: 6/11
  2176 | D:3      | Found a faded altar of an unknown god.
  2308 | D:3      | Found a basalt altar of Yredelemnul.
  2602 | D:4      | Noticed Pargi
  2612 | D:4      | Killed Pargi
  2613 | D:4      | Reached skill level 1 in Fighting
  2910 | D:4      | Noticed Dowan
  2910 | D:4      | Noticed Edmund
  2982 | D:4      | Killed Edmund
  2983 | D:4      | Reached skill level 1 in Maces & Flails
  2983 | D:4      | Reached XP level 7. HP: 46/50 MP: 2/13
  3142 | D:4      | Noticed Duvessa
  3148 | D:4      | Killed Duvessa
  3149 | D:4      | Reached skill level 5 in Fire Magic
  3154 | D:4      | Killed Dowan
  3155 | D:4      | Reached skill level 5 in Spellcasting
  3252 | D:4      | Found a sacrificial altar of Ru.
  3442 | D:4      | Noticed Ijyb
  3451 | D:4      | Killed Ijyb
  3825 | D:5      | Entered Level 5 of the Dungeon
  3834 | D:5      | Demolished by an ogre

Illustrated notes

Levels and vault maps discovered:
D:1:      spicycebolla_arrival_clurvy, layout_loops_cross, serial_bayou_pond_b,
          dreamdust_mushroom_princess, minmay_tree_intersection, minmay_cupped
D:2:      layout_basic, uniq_sigmund
D:3:      layout_loops_ring, lemuel_zombie_altar_yredelemnul,
          mainiacjoe_overflow_brackets,
          dreamdust_ecumenical_altar_drowned_temple
D:4:      layout_cave_pods, mainiacjoe_overflow_alcove_1, uniq_duvessa,
          uniq_ijyb, uniq_edmund, uniq_pargi
D:5:      layout_cave_pools, mainiacjoe_overflow_two_lobes,
          minmay_temple_entry_nine_rooms, nicolae_eternal_life

Skill      XL: |  1  2  3  4  5  6  7 |
---------------+----------------------+-----
Fire Magic     | 3 4 5 |  5.2
Dodging        | 2 |  2.5
Spellcasting   | 3 4 5 |  5.8
Conjurations   | 2 3 |  3.6
Fighting       | 1 |  1.3
Maces & Flails | 1 |  1.1
Stealth        | |  1.7
Translocations | |  0.1
Air Magic      | |  0.1

Action                     |  1- 3 |  4- 6 |  7- 9 || total
---------------------------+-------+-------+-------++-------
  Melee: Whip              |    29 |     7 |     1 ||    37
   Cast: Foxfire           |    50 |    58 |    35 ||   143
         Scorch            |     6 |     6 |     6 ||    18
         Kindle Blastspark |       |     1 |       ||     1
    Use: Potion            |     1 |       |       ||     1
 Armour: Robe              |    14 |     8 |       ||    22
  Dodge: Dodged            |    45 |    16 |     5 ||    66

Table legend: (Time is in decaauts)
 A = Elapsed time spent in this place.
 B = Non-inter-level travel time spent in this place.
 C = Inter-level travel time spent in this place.
 D = Time resting spent in this place.
 E = Time spent auto-exploring this place.
 F = Levels seen in this place.
 G = Mean time per level.
                   A        B        C        D        E       F      G
               +--------+--------+--------+--------+--------+-----+--------+
         Total |   3833 |   3767 |     66 |      8 |   3161 |   5 |  766.6 |
       Dungeon |   3833 |   3767 |     66 |      8 |   3161 |   5 |  766.6 |
               +--------+--------+--------+--------+--------+-----+--------+

Top non-repeatable levels by time:
     D:4: 1220 daAuts
     D:1: 1078 daAuts
     D:3: 768 daAuts
     D:2: 757 daAuts
     D:5: 8 daAuts
